Admirals vs Comets
Created - March 17, 2022 at 23:22
Goals
|
Admirals |
2 |
1 |
0 |
3 |
Comets |
2 |
4 |
4 |
10 |
|
Shots
|
Admirals |
10 |
11 |
9 |
30 |
Comets |
13 |
16 |
14 |
43 |
|
1st period
1. Comets , Teemu Pulkkinen 15 (Juuso Riikola 5, Joshua Leivo 15) at 4:39
2. Admirals , Mark McNeill 12 (Travis Dermott 15, Scott Laughton 15) at 10:08
3. Comets , Brendan Gaunce 20 (Taylor Beck 32, Seth Helgeson 19) at 13:22
4. Admirals , Freddie Hamilton 8 (Mattias Backman 16, Brett Connolly 4) at 14:38
Penalties :
Hunter Shinkaruk (Mil) for Interference (Minor) at 18:25
2nd period
5. Comets , Andrej Nestrasil 12 (Wiley Sherman 13) at 2:10
6. Admirals , Nicolas Kerdiles 33 (Scott Laughton 16, Travis Dermott 16) at 6:46 (PP)
7. Comets , Brendan Gaunce 21 (Taylor Beck 33, Dennis Everberg 18) at 11:17
8. Comets , Brendan Gaunce 22 (Oliver Kylington 11) at 12:23
9. Comets , Taylor Beck 16 (Dennis Everberg 19, Brendan Gaunce 39) at 16:52
Penalties :
Freddie Hamilton (Mil) for Goalie Interference (Minor) at 4:10, Juho Lammikko (Uti) for Tripping (Minor) at 6:29, William Lagesson (Uti) for Goalie Interference (Minor) at 18:08
3rd period
10. Comets , Brendan Gaunce 23 (Taylor Beck 34, Dennis Everberg 20) at 0:57
11. Comets , Taylor Beck 17 (Brendan Gaunce 40) at 4:34 (PP)
12. Comets , William Lockwood 3 (Justin Bailey 18, Andrej Nestrasil 19) at 11:19
13. Comets , Justin Bailey 7 (Andrej Nestrasil 20, William Lockwood 2) at 15:27
Penalties :
Joel Armia (Mil) for Hooking (Minor) at 4:32
Goalie Stats
Felix Sanstrom (Mil), 21 saves from 27 shots - (0.778), L, 8-8-1, 36:52 minutes
Tristan Jarry (Mil), 12 saves from 16 shots - (0.750), 23:08 minutes
Alexandar Georgiev (Uti), 27 saves from 30 shots - (0.900), W, 16-7-7, 60:00 minutes
Players Stats for Admirals
Player Name G A P +/- PIM S H SB GA TA FO MP PP MP PK MP
------------------------------------------------------------------------------------
Andreas Englund 0 0 0 -3 0 0 0 1 0 0 0/0 18:52 0:38 1:22
Blake Geoffrion 0 0 0 -2 0 2 3 1 0 0 0/0 18:43 0:56 1:13
Brett Connolly 0 1 1 -1 0 0 0 0 0 0 0/1 7:26 0:00 0:36
Carl Dahlstrom 0 0 0 -4 0 0 1 2 0 0 0/0 13:13 0:00 0:00
Christian Djoos 0 0 0 -1 0 0 0 0 0 0 0/0 1:35 0:00 0:00
Freddie Hamilton 1 0 1 -1 2 1 0 1 0 0 1/2 6:50 0:00 0:00
Hunter Shinkaruk 0 0 0 -1 2 2 0 0 0 0 0/0 7:10 0:00 0:00
Joel Armia 0 0 0 -2 2 2 3 1 2 0 1/1 17:28 0:56 0:00
Josh Morrissey 0 0 0 0 0 0 0 1 0 1 0/0 24:59 1:38 2:38
Kasper Bjorkqvist 0 0 0 -2 0 1 0 1 1 0 0/0 11:32 0:00 0:00
Lucas Wallmark 0 0 0 -2 0 1 1 0 0 0 4/5 11:41 0:00 0:09
Mark McNeill 1 0 1 -2 0 2 2 3 1 0 0/1 19:47 1:20 0:00
Markus Granlund 0 0 0 -2 0 2 0 0 0 0 7/13 18:19 0:56 0:49
Mattias Backman 0 1 1 -2 0 0 2 0 0 0 0/0 20:11 0:38 1:22
Nicolas Deslauriers 0 0 0 -2 0 3 0 0 1 0 0/0 11:32 0:00 0:00
Nicolas Kerdiles 1 0 1 -2 0 4 1 0 1 0 1/1 22:46 1:20 2:38
Olli Juolevi 0 0 0 -4 0 0 0 1 0 0 0/0 13:13 0:00 0:00
Scott Laughton 0 2 2 -2 0 7 1 1 0 0 20/39 22:43 1:20 2:35
Travis Dermott 0 2 2 0 0 3 4 3 0 0 0/0 27:57 1:38 2:38
Players Stats for Comets
Player Name G A P +/- PIM S H SB GA TA FO MP PP MP PK MP
------------------------------------------------------------------------------------
Andrej Nestrasil 1 2 3 2 0 4 2 0 0 0 5/9 15:15 1:19 0:00
Anton Zlobin 0 0 0 1 0 0 0 0 0 0 0/0 0:03 0:00 0:00
Axel Holmstrom 0 0 0 0 0 1 1 0 0 0 1/3 13:47 0:00 0:00
Brendan Gaunce 4 2 6 5 0 8 2 1 0 1 18/39 22:00 2:41 0:15
Dan Renouf 0 0 0 3 0 1 1 0 0 2 0/0 21:37 1:31 1:01
Dennis Everberg 0 3 3 5 0 3 3 0 1 0 2/2 23:30 2:41 1:34
Joshua Leivo 0 1 1 0 0 3 0 1 0 0 0/0 15:26 1:19 0:00
Juho Lammikko 0 0 0 0 2 1 1 0 0 0 0/1 7:20 0:00 0:27
Justin Bailey 1 1 2 2 0 5 0 1 0 2 1/2 13:55 0:00 0:27
Juuso Riikola 0 1 1 1 0 0 0 0 0 0 0/0 3:28 0:00 0:00
Nicolas Petan 0 0 0 0 0 0 0 0 0 0 0/0 0:00 0:00 0:00
Oliver Kylington 0 1 1 2 0 1 1 1 0 0 0/0 21:01 1:31 0:44
Phil Di Giuseppe 0 0 0 0 0 0 1 0 0 0 0/0 6:54 0:00 0:00
Seth Helgeson 0 1 1 2 0 2 3 1 0 0 0/0 28:15 2:29 1:15
Taylor Beck 2 3 5 5 0 7 1 2 0 0 2/6 23:30 2:41 1:34
Teemu Pulkkinen 1 0 1 0 0 3 3 0 0 0 0/1 15:41 1:19 0:15
Tyler Graovac 0 0 0 0 0 0 2 1 0 0 0/0 6:54 0:00 0:00
Wiley Sherman 0 1 1 2 0 3 0 1 0 1 0/0 26:44 2:29 1:15
William Lagesson 0 0 0 3 2 0 0 0 0 0 0/0 18:54 0:00 0:17
William Lockwood 1 1 2 2 0 1 0 1 0 0 0/0 13:28 0:00 0:00
3 Stars
1 - Brendan Gaunce (Uti)
2 - Taylor Beck (Uti)
3 - Dennis Everberg (Uti)
Power Play
Admirals - 1 on 2 Attempt(s) - 50.00%
Comets - 1 on 3 Attempt(s) - 33.33%
Penalty Kill
Admirals - 2 on 3 Attempt(s) - 66.67%
- Score 0 goal in Penalty Kill
Comets - 1 on 2 Attempt(s) - 50.00%
- Score 0 goal in Penalty Kill
Team Stat
Admirals - Hits : 18 - Faceoff Wins : 34 - Blocked Shots : 16 - Penalty Minutes : 6
Comets - Hits : 21 - Faceoff Wins : 29 - Blocked Shots : 10 - Penalty Minutes : 4
Official
Referees : Francois St. Laurent and Francis Charron
Linesman : Ryan Gibbons and Derek Amell
Game Notes
10:08 of 1st period - Admirals goal is going for a video replay. After video review, Goal.
Juuso Riikola is injured at 10:37 of 1st period (Lower Body)
Brendan Gaunce has scored a Hat Trick!
Tristan Jarry enters game at 16:52 of 2nd period
Finance
Level 1 -- Attendance: 1897 (94.85%) -- Ticket Income $66,395
Level 2 -- Attendance: 925 (92.50%) -- Ticket Income $13,875
Total Attendance: 2822 (94.07%)
Total Ticket Income: $80,270
Other Income: $4,014
Total Income: $84,284
Admirals
5 vs 5 Forward
Center Left Wing Right Wing Time % Phy DF OF
1 Scott Laughton Nicolas Kerdiles Mark McNeill 40 1 2 2
2 Markus Granlund Blake Geoffrion Joel Armia 30 1 2 2
3 Lucas Wallmark Nicolas Deslauriers Kasper Bjorkqvist 20 1 2 2
4 Freddie Hamilton Hunter Shinkaruk Brett Connolly 10 1 2 2
5 vs 5 Defense
Defense Defense Time % Phy DF OF
1 Josh Morrissey Travis Dermott 40 1 2 2
2 Andreas Englund Mattias Backman 30 1 2 2
3 Carl Dahlstrom Olli Juolevi 20 1 2 2
4 Mattias Backman Travis Dermott 10 1 2 2
PowerPlay Forward
Center Left Wing Right Wing Time % Phy DF OF
1 Scott Laughton Nicolas Kerdiles Mark McNeill 60 1 2 2
2 Markus Granlund Blake Geoffrion Joel Armia 40 1 2 2
PowerPlay Defense
Defense Defense Time % Phy DF OF
1 Josh Morrissey Travis Dermott 60 1 2 2
2 Andreas Englund Mattias Backman 40 1 2 2
Penalty Kill 4 Players Forward
Center Wing Time % Phy DF OF
1 Scott Laughton Nicolas Kerdiles 60 1 2 2
2 Markus Granlund Blake Geoffrion 40 1 2 2
Penalty Kill 4 Players Defense
Defense Defense Time % Phy DF OF
1 Josh Morrissey Travis Dermott 60 1 2 2
2 Andreas Englund Mattias Backman 40 1 2 2
Penalty Kill - 3 Players Forward
Forward Time % Phy DF OF
1 Scott Laughton 60 1 2 2
2 Nicolas Kerdiles 40 1 2 2
Penalty Kill - 3 Players Defense
Defense Defense Time % Phy DF OF
1 Josh Morrissey Travis Dermott 60 1 2 2
2 Andreas Englund Mattias Backman 40 1 2 2
4 vs 4 Forward
Center Wing Time % Phy DF OF
1 Scott Laughton Nicolas Kerdiles 60 1 2 2
2 Markus Granlund Blake Geoffrion 40 1 2 2
4 vs 4 Defense
Defense Defense Time % Phy DF OF
1 Josh Morrissey Travis Dermott 60 1 2 2
2 Andreas Englund Mattias Backman 40 1 2 2
Last Minutes Offensive
Center Left Wing Right Wing Defense Defense
Scott Laughton Nicolas Kerdiles Joel Armia Josh Morrissey Travis Dermott
Last Minutes Defensive
Center Left Wing Right Wing Defense Defense
Scott Laughton Nicolas Kerdiles Joel Armia Josh Morrissey Andreas Englund
Goaltenders
Starting : Felix Sanstrom
Backup : Tristan Jarry
Extra Forwards
Normal : Nicolas Deslauriers, Hunter Shinkaruk, Brett Connolly - PP : Nicolas Deslauriers, Hunter Shinkaruk - PK : Brett Connolly
Extra Defensemen
Normal : Carl Dahlstrom, Olli Juolevi, Travis Dermott - PP : Carl Dahlstrom - PK : Olli Juolevi, Travis Dermott
Penalty Shots
Scott Laughton, Nicolas Kerdiles, Markus Granlund, Blake Geoffrion, Joel Armia
Scratches
Adam Almquist (Healthy), Alexandre Mallet (Healthy), Chris Lawrence (Healthy), Filip Chlapik (Healthy), Josh Wesley (Healthy)
Mark MacMillan (Healthy), Riley Barber (Healthy), Ryan Olsen (Healthy), Sergei Zborovskiy (Healthy), Stanislav Galiev (Healthy)
T.J Brodie (Broken Right Foot Toe Injury), Trevor Van Riemsdyk (Healthy), Troy Bourke (Healthy), Carsen Twarynski (Healthy), Libor Hajek (Healthy)
Linus Ullmark (Healthy)
Comets
5 vs 5 Forward
Center Left Wing Right Wing Time % Phy DF OF
1 Brendan Gaunce Taylor Beck Dennis Everberg 50 1 2 2
2 Andrej Nestrasil Justin Bailey William Lockwood 30 1 2 2
3 Axel Holmstrom Teemu Pulkkinen Joshua Leivo 15 1 2 2
4 Tyler Graovac Phil Di Giuseppe Juho Lammikko 5 1 2 2
5 vs 5 Defense
Defense Defense Time % Phy DF OF
1 Seth Helgeson Wiley Sherman 40 1 2 2
2 Juuso Riikola Dan Renouf 30 1 2 2
3 Oliver Kylington William Lagesson 20 1 2 2
4 Seth Helgeson Wiley Sherman 10 1 2 2
PowerPlay Forward
Center Left Wing Right Wing Time % Phy DF OF
1 Brendan Gaunce Taylor Beck Dennis Everberg 60 0 2 3
2 Andrej Nestrasil Teemu Pulkkinen Joshua Leivo 40 1 2 2
PowerPlay Defense
Defense Defense Time % Phy DF OF
1 Seth Helgeson Wiley Sherman 60 1 2 2
2 Juuso Riikola Dan Renouf 40 1 2 2
Penalty Kill 4 Players Forward
Center Wing Time % Phy DF OF
1 Taylor Beck Dennis Everberg 60 1 2 2
2 Brendan Gaunce Teemu Pulkkinen 40 1 2 2
Penalty Kill 4 Players Defense
Defense Defense Time % Phy DF OF
1 Seth Helgeson Wiley Sherman 60 1 2 2
2 Juuso Riikola Dan Renouf 40 1 2 2
Penalty Kill - 3 Players Forward
Forward Time % Phy DF OF
1 Taylor Beck 60 1 2 2
2 Dennis Everberg 40 1 2 2
Penalty Kill - 3 Players Defense
Defense Defense Time % Phy DF OF
1 Seth Helgeson Wiley Sherman 60 1 2 2
2 Juuso Riikola Dan Renouf 40 1 2 2
4 vs 4 Forward
Center Wing Time % Phy DF OF
1 Taylor Beck Dennis Everberg 60 1 2 2
2 Brendan Gaunce Teemu Pulkkinen 40 1 2 2
4 vs 4 Defense
Defense Defense Time % Phy DF OF
1 Seth Helgeson Wiley Sherman 60 1 2 2
2 Juuso Riikola Dan Renouf 40 1 2 2
Last Minutes Offensive
Center Left Wing Right Wing Defense Defense
Brendan Gaunce Taylor Beck Dennis Everberg Seth Helgeson Wiley Sherman
Last Minutes Defensive
Center Left Wing Right Wing Defense Defense
Brendan Gaunce Taylor Beck Dennis Everberg Seth Helgeson Wiley Sherman
Goaltenders
Starting : Alexandar Georgiev
Backup : Thatcher Demko
Extra Forwards
Normal : Justin Bailey, Phil Di Giuseppe, Juho Lammikko - PP : Justin Bailey, Phil Di Giuseppe - PK : Juho Lammikko
Extra Defensemen
Normal : Oliver Kylington, William Lagesson, Juuso Riikola - PP : Oliver Kylington - PK : William Lagesson, Juuso Riikola
Penalty Shots
Taylor Beck, Dennis Everberg, Brendan Gaunce, Teemu Pulkkinen, Justin Bailey
Scratches
Anton Karlsson (Healthy), Jaedon Descheneau (Healthy), Jeremy Roy (Healthy), Mackenzie MacEachern (Healthy), Taylor Leier (Healthy)
Thomas DiPauli (Healthy), Jordan Gross (Healthy), Rasmus Asplund (Healthy), Oskar Steen (Healthy), Dmitry Sokolov (Healthy)
Marek Langhamer (Healthy)
% Time on Ice - Admirals
Lines # - Real PCT - Wanted PCT - Time Play
Normal Forward
1 - 35% - 40% - 18:48
2 - 31% - 30% - 16:34
3 - 21% - 20% - 11:32
4 - 13% - 10% - 6:50
Normal Defense
1 - 39% - 40% - 20:43
2 - 31% - 30% - 16:48
3 - 25% - 20% - 13:13
4 - 6% - 10% - 3:00
PP Forward
1 - 59% - 60% - 1:20
2 - 41% - 40% - 0:56
PP Defense
1 - 72% - 60% - 1:38
2 - 28% - 40% - 0:38
PK Forward
1 - 80% - 60% - 3:11
2 - 20% - 40% - 0:49
PK Defense
1 - 66% - 60% - 2:38
2 - 34% - 40% - 1:22
PK3 Forward
1 - 0% - 60%
2 - 0% - 40%
PK3 Defense
1 - 0% - 60%
2 - 0% - 40%
44 Forward
1 - 0% - 60%
2 - 0% - 40%
44 Defense
1 - 0% - 60%
2 - 0% - 40%
Last Minute Offensive - 0:00
Last Minute Defensive - 0:00
Total
Forward - 60:00
Defense - 60:00
|
% Time on Ice - Comets
Lines # - Real PCT - Wanted PCT - Time Play
Normal Forward
1 - 36% - 50% - 19:15
2 - 26% - 30% - 13:48
3 - 26% - 15% - 13:47
4 - 13% - 5% - 6:54
Normal Defense
1 - 37% - 40% - 20:02
2 - 36% - 30% - 19:16
3 - 22% - 20% - 11:35
4 - 5% - 10% - 2:51
PP Forward
1 - 67% - 60% - 2:41
2 - 33% - 40% - 1:19
PP Defense
1 - 62% - 60% - 2:29
2 - 38% - 40% - 1:31
PK Forward
1 - 89% - 60% - 2:01
2 - 11% - 40% - 0:15
PK Defense
1 - 55% - 60% - 1:15
2 - 45% - 40% - 1:01
PK3 Forward
1 - 0% - 60%
2 - 0% - 40%
PK3 Defense
1 - 0% - 60%
2 - 0% - 40%
44 Forward
1 - 0% - 60%
2 - 0% - 40%
44 Defense
1 - 0% - 60%
2 - 0% - 40%
Last Minute Offensive - 0:00
Last Minute Defensive - 0:00
Total
Forward - 60:00
Defense - 60:00
|
Play-by-Play
1st period
0:01 of 1st period - Brendan Gaunce wins face-off versus Scott Laughton in neutral zone.
0:06 of 1st period - Wrist shot by Taylor Beck.
0:06 of 1st period - Shot Blocked by Scott Laughton.
2:56 of 1st period - Wrist shot by Taylor Beck.
2:56 of 1st period - Shot Misses the Net.
3:18 of 1st period - Backhand shot by Blake Geoffrion.
3:18 of 1st period - Shot Blocked by Tyler Graovac.
3:25 of 1st period - Off-side.
3:26 of 1st period - Brendan Gaunce wins face-off versus Scott Laughton in neutral zone.
3:35 of 1st period - Wrist shot by Dennis Everberg.
3:35 of 1st period - Shot Blocked by Travis Dermott.
4:18 of 1st period - Wrist shot by Teemu Pulkkinen.
4:18 of 1st period - Deflect By Joshua Leivo.
4:18 of 1st period - Shot Misses the Net.
4:18 of 1st period - Puck is out of play.
4:19 of 1st period - Lucas Wallmark wins face-off versus Teemu Pulkkinen in Admirals zone.
4:39 of 1st period - Slapshot by Teemu Pulkkinen.
4:39 of 1st period - Goal by Teemu Pulkkinen - Admirals : 0 - Comets : 1.
4:40 of 1st period - Scott Laughton wins face-off versus Brendan Gaunce in neutral zone.
4:43 of 1st period - Seth Helgeson is hit by Carl Dahlstrom and loses puck.
5:06 of 1st period - Carl Dahlstrom is hit by Seth Helgeson and loses puck.
5:13 of 1st period - Slapshot by Justin Bailey.
5:13 of 1st period - Stopped by Felix Sanstrom with a rebound.
6:05 of 1st period - Slapshot by Andrej Nestrasil.
6:05 of 1st period - Stopped by Felix Sanstrom with a rebound.
6:07 of 1st period - Slapshot by Oliver Kylington.
6:07 of 1st period - Shot Blocked by Carl Dahlstrom.
6:48 of 1st period - Wrist shot by Joshua Leivo.
6:48 of 1st period - Stopped by Felix Sanstrom without a rebound.
6:49 of 1st period - Scott Laughton wins face-off versus Brendan Gaunce in Admirals zone.
6:49 of 1st period - Scott Laughton is hit by Seth Helgeson.
8:12 of 1st period - Tyler Graovac is hit by Mattias Backman and loses puck.
8:55 of 1st period - Wrist shot by Juho Lammikko.
8:55 of 1st period - Shot Blocked by Kasper Bjorkqvist.
9:07 of 1st period - Snap shot by Nicolas Deslauriers.
9:07 of 1st period - Stopped by Alexandar Georgiev with a rebound.
9:09 of 1st period - Slapshot by Andreas Englund.
9:09 of 1st period - Shot Misses the Net.
9:17 of 1st period - Slapshot by Kasper Bjorkqvist.
9:17 of 1st period - Deflect By Nicolas Deslauriers.
9:17 of 1st period - Stopped by Alexandar Georgiev without a rebound.
9:18 of 1st period - Scott Laughton wins face-off versus Brendan Gaunce in Comets zone.
9:21 of 1st period - Backhand shot by Nicolas Kerdiles.
9:21 of 1st period - Deflect By Taylor Beck.
9:21 of 1st period - Stopped by Alexandar Georgiev with a rebound.
9:33 of 1st period - Slapshot by Brendan Gaunce.
9:33 of 1st period - Shot Misses the Net.
10:06 of 1st period - Slapshot by Travis Dermott.
10:06 of 1st period - Shot Blocked by Wiley Sherman.
10:08 of 1st period - Snap shot by Mark McNeill.
10:08 of 1st period - Admirals goal is going for a video replay.
10:08 of 1st period - The goal is good.
10:08 of 1st period - Goal by Mark McNeill - Admirals : 1 - Comets : 1.
10:09 of 1st period - Joel Armia wins face-off versus Taylor Beck in neutral zone.
10:36 of 1st period - Juuso Riikola is hit by Travis Dermott and loses puck.
10:37 of 1st period - Juuso Riikola from Comets is injured at 10:37 of 1st period (Lower Body).
10:38 of 1st period - Brendan Gaunce wins face-off versus Scott Laughton in Comets zone.
10:43 of 1st period - Wrist shot by Brendan Gaunce.
10:43 of 1st period - Shot Misses the Net.
10:47 of 1st period - Snap shot by Brendan Gaunce.
10:47 of 1st period - Shot Blocked by Travis Dermott.
10:49 of 1st period - Slapshot by Wiley Sherman.
10:49 of 1st period - Stopped by Felix Sanstrom with a rebound.
10:51 of 1st period - Snap shot by Brendan Gaunce.
10:51 of 1st period - Shot Blocked by Mark McNeill.
10:53 of 1st period - Wrist shot by Seth Helgeson.
10:53 of 1st period - Shot Blocked by Josh Morrissey.
11:03 of 1st period - Snap shot by Justin Bailey.
11:03 of 1st period - Stopped by Felix Sanstrom with a rebound.
11:52 of 1st period - Icing by Wiley Sherman.
11:53 of 1st period - Brendan Gaunce wins face-off versus Scott Laughton in Comets zone.
12:36 of 1st period - Snap shot by Dennis Everberg.
12:36 of 1st period - Shot Misses the Net.
12:38 of 1st period - Wrist shot by Dennis Everberg.
12:38 of 1st period - Shot Blocked by Olli Juolevi.
12:40 of 1st period - Slapshot by Taylor Beck.
12:40 of 1st period - Shot Blocked by Carl Dahlstrom.
13:22 of 1st period - Snap shot by Brendan Gaunce.
13:22 of 1st period - Goal by Brendan Gaunce - Admirals : 1 - Comets : 2.
13:23 of 1st period - Scott Laughton wins face-off versus Andrej Nestrasil in neutral zone.
13:25 of 1st period - Off-side.
13:26 of 1st period - Andrej Nestrasil wins face-off versus Scott Laughton in neutral zone.
13:37 of 1st period - Snap shot by Nicolas Kerdiles.
13:37 of 1st period - Shot Blocked by Oliver Kylington.
14:15 of 1st period - Snap shot by Andrej Nestrasil.
14:15 of 1st period - Stopped by Felix Sanstrom with a rebound.
14:23 of 1st period - Dan Renouf is hit by Joel Armia and loses puck.
14:34 of 1st period - Snap shot by Brett Connolly.
14:34 of 1st period - Shot Misses the Net.
14:36 of 1st period - Snap shot by Mattias Backman.
14:36 of 1st period - Shot Misses the Net.
14:38 of 1st period - Wrist shot by Freddie Hamilton.
14:38 of 1st period - Goal by Freddie Hamilton - Admirals : 2 - Comets : 2.
14:39 of 1st period - Scott Laughton wins face-off versus Brendan Gaunce in neutral zone.
15:09 of 1st period - Mattias Backman is hit by Teemu Pulkkinen and loses puck.
15:24 of 1st period - Kasper Bjorkqvist is hit by Tyler Graovac and loses puck.
16:12 of 1st period - Slapshot by Joshua Leivo.
16:12 of 1st period - Shot Misses the Net.
16:25 of 1st period - Teemu Pulkkinen is hit by Scott Laughton.
17:03 of 1st period - Slapshot by Joshua Leivo.
17:03 of 1st period - Stopped by Felix Sanstrom with a rebound.
17:17 of 1st period - Snap shot by Scott Laughton.
17:17 of 1st period - Stopped by Alexandar Georgiev with a rebound.
17:19 of 1st period - Snap shot by Scott Laughton.
17:19 of 1st period - Stopped by Alexandar Georgiev with a rebound.
17:23 of 1st period - Snap shot by Scott Laughton.
17:23 of 1st period - Stopped by Alexandar Georgiev without a rebound.
17:24 of 1st period - Markus Granlund wins face-off versus Brendan Gaunce in Comets zone.
17:25 of 1st period - Slapshot by Travis Dermott.
17:25 of 1st period - Deflect By Markus Granlund.
17:25 of 1st period - Stopped by Alexandar Georgiev without a rebound.
17:26 of 1st period - Markus Granlund wins face-off versus Brendan Gaunce in Comets zone.
17:35 of 1st period - Slapshot by Markus Granlund.
17:35 of 1st period - Shot Misses the Net.
17:37 of 1st period - Slapshot by Markus Granlund.
17:37 of 1st period - Stopped by Alexandar Georgiev without a rebound.
17:38 of 1st period - Brendan Gaunce wins face-off versus Markus Granlund in Comets zone.
17:45 of 1st period - Slapshot by Brendan Gaunce.
17:45 of 1st period - Stopped by Felix Sanstrom with a rebound.
17:53 of 1st period - Brendan Gaunce is hit by Blake Geoffrion and loses puck.
18:25 of 1st period - Minor Penalty to Hunter Shinkaruk for Interference.
18:26 of 1st period - Scott Laughton wins face-off versus Brendan Gaunce in Admirals zone.
18:35 of 1st period - Nicolas Kerdiles is hit by Dennis Everberg and loses puck.
18:52 of 1st period - Scott Laughton is hit by Seth Helgeson and loses puck.
18:57 of 1st period - Slapshot by Andrej Nestrasil.
18:57 of 1st period - Stopped by Felix Sanstrom with a rebound.
18:59 of 1st period - Slapshot by Oliver Kylington.
18:59 of 1st period - Stopped by Felix Sanstrom without a rebound.
19:00 of 1st period - Andrej Nestrasil wins face-off versus Scott Laughton in Admirals zone.
19:32 of 1st period - Off-side.
19:33 of 1st period - Brendan Gaunce wins face-off versus Brett Connolly in neutral zone.
19:40 of 1st period - Snap shot by Dennis Everberg.
19:40 of 1st period - Deflect By Taylor Beck.
19:40 of 1st period - Stopped by Felix Sanstrom without a rebound.
19:41 of 1st period - Scott Laughton wins face-off versus Brendan Gaunce in Admirals zone.
19:55 of 1st period - Off-side.
19:56 of 1st period - Scott Laughton wins face-off versus Brendan Gaunce in neutral zone.
Goals for this period are 2 for Admirals vs 2 for Comets.
Shots for this period are 10 for Admirals vs 13 for Comets.
2nd period
0:01 of 2nd period - Dennis Everberg wins face-off versus Scott Laughton in neutral zone.
0:25 of 2nd period - Penalty to Hunter Shinkaruk is over, Hunter Shinkaruk is back on ice.
0:51 of 2nd period - Mattias Backman is hit by Phil Di Giuseppe and loses puck.
1:31 of 2nd period - Snap shot by Hunter Shinkaruk.
1:31 of 2nd period - Stopped by Alexandar Georgiev without a rebound.
1:32 of 2nd period - Freddie Hamilton wins face-off versus Brendan Gaunce in Comets zone.
1:33 of 2nd period - Wrist shot by Hunter Shinkaruk.
1:33 of 2nd period - Stopped by Alexandar Georgiev without a rebound.
1:34 of 2nd period - Nicolas Kerdiles wins face-off versus Taylor Beck in Comets zone.
1:43 of 2nd period - Scott Laughton is hit by Brendan Gaunce and loses puck.
2:10 of 2nd period - Snap shot by Andrej Nestrasil.
2:10 of 2nd period - Goal by Andrej Nestrasil - Admirals : 2 - Comets : 3.
2:11 of 2nd period - Scott Laughton wins face-off versus Brendan Gaunce in neutral zone.
2:41 of 2nd period - Off-side.
2:42 of 2nd period - Markus Granlund wins face-off versus Andrej Nestrasil in neutral zone.
2:49 of 2nd period - Icing by Joel Armia.
2:50 of 2nd period - Brendan Gaunce wins face-off versus Markus Granlund in Admirals zone.
2:57 of 2nd period - Snap shot by Dennis Everberg.
2:57 of 2nd period - Shot Misses the Net.
2:59 of 2nd period - Slapshot by Dennis Everberg.
2:59 of 2nd period - Shot Misses the Net.
3:01 of 2nd period - Slapshot by William Lagesson.
3:01 of 2nd period - Shot Blocked by Andreas Englund.
3:03 of 2nd period - Wrist shot by Dennis Everberg.
3:03 of 2nd period - Shot Blocked by Joel Armia.
3:38 of 2nd period - Snap shot by Teemu Pulkkinen.
3:38 of 2nd period - Stopped by Felix Sanstrom with a rebound.
3:40 of 2nd period - Slapshot by Seth Helgeson.
3:40 of 2nd period - Stopped by Felix Sanstrom with a rebound.
4:10 of 2nd period - Minor Penalty to Freddie Hamilton for Goalie Interference.
4:11 of 2nd period - Scott Laughton wins face-off versus Brendan Gaunce in Admirals zone.
6:05 of 2nd period - Blake Geoffrion is hit by Brendan Gaunce and loses puck.
6:10 of 2nd period - Penalty to Freddie Hamilton is over, Freddie Hamilton is back on ice.
6:29 of 2nd period - Minor Penalty to Juho Lammikko for Tripping.
6:30 of 2nd period - Taylor Beck wins face-off versus Scott Laughton in Comets zone.
6:40 of 2nd period - Slapshot by Travis Dermott.
6:40 of 2nd period - Shot Blocked by Taylor Beck.
6:46 of 2nd period - Wrist shot by Nicolas Kerdiles.
6:46 of 2nd period - Goal by Nicolas Kerdiles - Admirals : 3 - Comets : 3.
6:47 of 2nd period - Scott Laughton wins face-off versus Andrej Nestrasil in neutral zone.
6:50 of 2nd period - Snap shot by Travis Dermott.
6:50 of 2nd period - Stopped by Alexandar Georgiev without a rebound.
6:51 of 2nd period - Scott Laughton wins face-off versus Andrej Nestrasil in Comets zone.
7:02 of 2nd period - Backhand shot by Justin Bailey.
7:02 of 2nd period - Shot Blocked by Travis Dermott.
7:42 of 2nd period - Wrist shot by Joshua Leivo.
7:42 of 2nd period - Stopped by Felix Sanstrom with a rebound.
8:03 of 2nd period - Slapshot by Nicolas Kerdiles.
8:03 of 2nd period - Stopped by Alexandar Georgiev with a rebound.
8:05 of 2nd period - Snap shot by Scott Laughton.
8:05 of 2nd period - Shot Misses the Net.
8:07 of 2nd period - Slapshot by Andreas Englund.
8:07 of 2nd period - Deflect By Nicolas Kerdiles.
8:07 of 2nd period - Shot Misses the Net.
8:07 of 2nd period - Puck is out of play.
8:08 of 2nd period - Andrej Nestrasil wins face-off versus Scott Laughton in Comets zone.
8:12 of 2nd period - Off-side.
8:13 of 2nd period - Scott Laughton wins face-off versus Brendan Gaunce in neutral zone.
8:20 of 2nd period - Mattias Backman is hit by Dennis Everberg and loses puck.
8:25 of 2nd period - Snap shot by Dennis Everberg.
8:25 of 2nd period - Stopped by Felix Sanstrom without a rebound.
8:26 of 2nd period - Brendan Gaunce wins face-off versus Scott Laughton in Admirals zone.
8:27 of 2nd period - Snap shot by Taylor Beck.
8:27 of 2nd period - Stopped by Felix Sanstrom without a rebound.
8:28 of 2nd period - Brendan Gaunce wins face-off versus Mark McNeill in Admirals zone.
8:31 of 2nd period - Snap shot by Taylor Beck.
8:31 of 2nd period - Stopped by Felix Sanstrom with a rebound.
9:09 of 2nd period - Slapshot by Travis Dermott.
9:09 of 2nd period - Stopped by Alexandar Georgiev with a rebound.
9:11 of 2nd period - Slapshot by Nicolas Kerdiles.
9:11 of 2nd period - Stopped by Alexandar Georgiev without a rebound.
9:12 of 2nd period - Brendan Gaunce wins face-off versus Markus Granlund in Comets zone.
9:50 of 2nd period - Snap shot by Lucas Wallmark.
9:50 of 2nd period - Stopped by Alexandar Georgiev without a rebound.
9:51 of 2nd period - Brendan Gaunce wins face-off versus Scott Laughton in Comets zone.
10:23 of 2nd period - Slapshot by William Lockwood.
10:23 of 2nd period - Shot Misses the Net.
10:25 of 2nd period - Snap shot by Justin Bailey.
10:25 of 2nd period - Shot Misses the Net.
10:27 of 2nd period - Backhand shot by Wiley Sherman.
10:27 of 2nd period - Stopped by Felix Sanstrom with a rebound.
10:29 of 2nd period - Slapshot by Wiley Sherman.
10:29 of 2nd period - Deflect By Travis Dermott.
10:29 of 2nd period - Stopped by Felix Sanstrom with a rebound.
10:41 of 2nd period - Wrist shot by Nicolas Deslauriers.
10:41 of 2nd period - Stopped by Alexandar Georgiev without a rebound.
10:42 of 2nd period - Axel Holmstrom wins face-off versus Lucas Wallmark in Comets zone.
10:55 of 2nd period - Slapshot by Oliver Kylington.
10:55 of 2nd period - Deflect By Teemu Pulkkinen.
10:55 of 2nd period - Stopped by Felix Sanstrom with a rebound.
11:17 of 2nd period - Snap shot by Brendan Gaunce.
11:17 of 2nd period - Goal by Brendan Gaunce - Admirals : 3 - Comets : 4.
11:18 of 2nd period - Scott Laughton wins face-off versus Brendan Gaunce in neutral zone.
11:21 of 2nd period - Seth Helgeson is hit by Nicolas Kerdiles and loses puck.
11:52 of 2nd period - Slapshot by Seth Helgeson.
11:52 of 2nd period - Deflect By Justin Bailey.
11:52 of 2nd period - Shot Blocked by Blake Geoffrion.
11:52 of 2nd period - Puck is out of play.
11:53 of 2nd period - Andrej Nestrasil wins face-off versus Markus Granlund in Admirals zone.
12:21 of 2nd period - Snap shot by Brendan Gaunce.
12:21 of 2nd period - Stopped by Felix Sanstrom with a rebound.
12:23 of 2nd period - Wrist shot by Brendan Gaunce.
12:23 of 2nd period - Goal by Brendan Gaunce - Admirals : 3 - Comets : 5.
12:24 of 2nd period - Dennis Everberg wins face-off versus Scott Laughton in neutral zone.
12:49 of 2nd period - Travis Dermott is hit by Teemu Pulkkinen and loses puck.
13:21 of 2nd period - Backhand shot by Travis Dermott.
13:21 of 2nd period - Shot Blocked by Justin Bailey.
13:39 of 2nd period - Dennis Everberg is hit by Mattias Backman and loses puck.
13:44 of 2nd period - Slapshot by Travis Dermott.
13:44 of 2nd period - Shot Blocked by Taylor Beck.
13:50 of 2nd period - Mattias Backman is hit by Taylor Beck and loses puck.
15:08 of 2nd period - Wrist shot by Andrej Nestrasil.
15:08 of 2nd period - Shot Blocked by Freddie Hamilton.
15:40 of 2nd period - William Lagesson is hit by Mark McNeill and loses puck.
16:31 of 2nd period - Wrist shot by Brendan Gaunce.
16:31 of 2nd period - Shot Misses the Net.
16:52 of 2nd period - Snap shot by Dennis Everberg.
16:52 of 2nd period - Deflect By Taylor Beck.
16:52 of 2nd period - Goal by Taylor Beck - Admirals : 3 - Comets : 6.
16:52 of 2nd period - Tristan Jarry enters game.
16:53 of 2nd period - Scott Laughton wins face-off versus Justin Bailey in neutral zone.
17:10 of 2nd period - Icing by Scott Laughton.
17:11 of 2nd period - Scott Laughton wins face-off versus Axel Holmstrom in Admirals zone.
17:49 of 2nd period - Slapshot by Scott Laughton.
17:49 of 2nd period - Shot Blocked by Joshua Leivo.
17:51 of 2nd period - Snap shot by Mark McNeill.
17:51 of 2nd period - Shot Misses the Net.
17:55 of 2nd period - Slapshot by Mark McNeill.
17:55 of 2nd period - Stopped by Alexandar Georgiev without a rebound.
17:56 of 2nd period - Markus Granlund wins face-off versus Brendan Gaunce in Comets zone.
18:08 of 2nd period - Minor Penalty to William Lagesson for Goalie Interference.
18:09 of 2nd period - Markus Granlund wins face-off versus Taylor Beck in Comets zone.
18:35 of 2nd period - Wiley Sherman is hit by Mark McNeill and loses puck.
18:46 of 2nd period - Backhand shot by Scott Laughton.
18:46 of 2nd period - Stopped by Alexandar Georgiev with a rebound.
19:10 of 2nd period - Snap shot by Juho Lammikko.
19:10 of 2nd period - Stopped by Tristan Jarry without a rebound.
19:11 of 2nd period - Scott Laughton wins face-off versus Juho Lammikko in Admirals zone.
19:24 of 2nd period - Slapshot by Dan Renouf.
19:24 of 2nd period - Stopped by Tristan Jarry with a rebound.
19:36 of 2nd period - Dan Renouf is hit by Joel Armia and loses puck.
Goals for this period are 1 for Admirals vs 4 for Comets.
Shots for this period are 11 for Admirals vs 16 for Comets.
3rd period
0:01 of 3rd period - Taylor Beck wins face-off versus Scott Laughton in neutral zone.
0:08 of 3rd period - Penalty to William Lagesson is over, William Lagesson is back on ice.
0:12 of 3rd period - Snap shot by Taylor Beck.
0:12 of 3rd period - Shot Misses the Net.
0:14 of 3rd period - Slapshot by Wiley Sherman.
0:14 of 3rd period - Shot Misses the Net.
0:16 of 3rd period - Wrist shot by William Lagesson.
0:16 of 3rd period - Shot Blocked by Mark McNeill.
0:18 of 3rd period - Slapshot by Seth Helgeson.
0:18 of 3rd period - Stopped by Tristan Jarry without a rebound.
0:19 of 3rd period - Justin Bailey wins face-off versus Markus Granlund in Admirals zone.
0:55 of 3rd period - Slapshot by Dennis Everberg.
0:55 of 3rd period - Stopped by Tristan Jarry with a rebound.
0:57 of 3rd period - Snap shot by Taylor Beck.
0:57 of 3rd period - Deflect By Brendan Gaunce.
0:57 of 3rd period - Goal by Brendan Gaunce - Admirals : 3 - Comets : 7.
0:58 of 3rd period - Scott Laughton wins face-off versus Taylor Beck in neutral zone.
1:28 of 3rd period - Wrist shot by Josh Morrissey.
1:28 of 3rd period - Shot Misses the Net.
2:07 of 3rd period - Nicolas Kerdiles is hit by Axel Holmstrom and loses puck.
2:20 of 3rd period - Snap shot by Teemu Pulkkinen.
2:20 of 3rd period - Deflect By Axel Holmstrom.
2:20 of 3rd period - Stopped by Tristan Jarry with a rebound.
2:38 of 3rd period - Snap shot by Scott Laughton.
2:38 of 3rd period - Stopped by Alexandar Georgiev with a rebound.
3:00 of 3rd period - Snap shot by Joshua Leivo.
3:00 of 3rd period - Deflect By Axel Holmstrom.
3:00 of 3rd period - Shot Misses the Net.
3:00 of 3rd period - Puck is out of play.
3:01 of 3rd period - Brendan Gaunce wins face-off versus Markus Granlund in Admirals zone.
3:16 of 3rd period - Wrist shot by Dennis Everberg.
3:16 of 3rd period - Stopped by Tristan Jarry with a rebound.
3:36 of 3rd period - Nicolas Deslauriers is hit by Dan Renouf and loses puck.
4:10 of 3rd period - Snap shot by Nicolas Deslauriers.
4:10 of 3rd period - Deflect By Kasper Bjorkqvist.
4:10 of 3rd period - Stopped by Alexandar Georgiev without a rebound.
4:11 of 3rd period - Markus Granlund wins face-off versus Brendan Gaunce in Comets zone.
4:32 of 3rd period - Minor Penalty to Joel Armia for Hooking.
4:33 of 3rd period - Brendan Gaunce wins face-off versus Scott Laughton in Admirals zone.
4:34 of 3rd period - Snap shot by Taylor Beck.
4:34 of 3rd period - Goal by Taylor Beck - Admirals : 3 - Comets : 8.
4:35 of 3rd period - Scott Laughton wins face-off versus Brendan Gaunce in neutral zone.
4:38 of 3rd period - Slapshot by Josh Morrissey.
4:38 of 3rd period - Shot Misses the Net.
4:40 of 3rd period - Slapshot by Travis Dermott.
4:40 of 3rd period - Shot Blocked by Brendan Gaunce.
4:42 of 3rd period - Snap shot by Scott Laughton.
4:42 of 3rd period - Stopped by Alexandar Georgiev with a rebound.
4:44 of 3rd period - Wrist shot by Mark McNeill.
4:44 of 3rd period - Shot Blocked by Seth Helgeson.
5:00 of 3rd period - Justin Bailey is hit by Joel Armia and loses puck.
5:07 of 3rd period - Backhand shot by Blake Geoffrion.
5:07 of 3rd period - Stopped by Alexandar Georgiev with a rebound.
5:13 of 3rd period - Andreas Englund is hit by Andrej Nestrasil.
5:25 of 3rd period - Slapshot by Seth Helgeson.
5:25 of 3rd period - Shot Misses the Net.
5:45 of 3rd period - Snap shot by Taylor Beck.
5:45 of 3rd period - Deflect By Hunter Shinkaruk.
5:45 of 3rd period - Stopped by Tristan Jarry without a rebound.
5:46 of 3rd period - Brendan Gaunce wins face-off versus Freddie Hamilton in Admirals zone.
5:53 of 3rd period - Wrist shot by Brendan Gaunce.
5:53 of 3rd period - Deflect By Taylor Beck.
5:53 of 3rd period - Stopped by Tristan Jarry without a rebound.
5:54 of 3rd period - Brendan Gaunce wins face-off versus Scott Laughton in Admirals zone.
6:05 of 3rd period - Slapshot by Brendan Gaunce.
6:05 of 3rd period - Stopped by Tristan Jarry without a rebound.
6:06 of 3rd period - Brendan Gaunce wins face-off versus Scott Laughton in Admirals zone.
6:15 of 3rd period - Slapshot by Brendan Gaunce.
6:15 of 3rd period - Shot Blocked by Mark McNeill.
6:31 of 3rd period - Mark McNeill is hit by Teemu Pulkkinen and loses puck.
7:03 of 3rd period - Snap shot by Markus Granlund.
7:03 of 3rd period - Shot Misses the Net.
7:05 of 3rd period - Wrist shot by Joel Armia.
7:05 of 3rd period - Stopped by Alexandar Georgiev without a rebound.
7:06 of 3rd period - Lucas Wallmark wins face-off versus Brendan Gaunce in Comets zone.
7:10 of 3rd period - Off-side.
7:11 of 3rd period - Lucas Wallmark wins face-off versus Brendan Gaunce in neutral zone.
7:58 of 3rd period - Slapshot by Hunter Shinkaruk.
7:58 of 3rd period - Shot Blocked by William Lockwood.
8:04 of 3rd period - Wrist shot by Justin Bailey.
8:04 of 3rd period - Stopped by Tristan Jarry with a rebound.
8:28 of 3rd period - Slapshot by Brendan Gaunce.
8:28 of 3rd period - Stopped by Tristan Jarry without a rebound.
8:29 of 3rd period - Scott Laughton wins face-off versus Brendan Gaunce in Admirals zone.
8:54 of 3rd period - Teemu Pulkkinen is hit by Travis Dermott and loses puck.
9:58 of 3rd period - William Lockwood is hit by Travis Dermott and loses puck.
10:03 of 3rd period - Slapshot by Scott Laughton.
10:03 of 3rd period - Shot Misses the Net.
10:34 of 3rd period - Andreas Englund is hit by Oliver Kylington and loses puck.
10:41 of 3rd period - Brendan Gaunce is hit by Lucas Wallmark and loses puck.
11:01 of 3rd period - Carl Dahlstrom is hit by Tyler Graovac.
11:17 of 3rd period - Snap shot by Justin Bailey.
11:17 of 3rd period - Shot Misses the Net.
11:19 of 3rd period - Snap shot by William Lockwood.
11:19 of 3rd period - Goal by William Lockwood - Admirals : 3 - Comets : 9.
11:20 of 3rd period - Brendan Gaunce wins face-off versus Scott Laughton in neutral zone.
11:33 of 3rd period - Snap shot by Travis Dermott.
11:33 of 3rd period - Deflect By Dennis Everberg.
11:33 of 3rd period - Stopped by Alexandar Georgiev without a rebound.
11:34 of 3rd period - Markus Granlund wins face-off versus Brendan Gaunce in Comets zone.
11:49 of 3rd period - Snap shot by Blake Geoffrion.
11:49 of 3rd period - Stopped by Alexandar Georgiev without a rebound.
11:50 of 3rd period - Andrej Nestrasil wins face-off versus Scott Laughton in Comets zone.
11:57 of 3rd period - Slapshot by Seth Helgeson.
11:57 of 3rd period - Shot Misses the Net.
12:56 of 3rd period - Lucas Wallmark is hit by Juho Lammikko.
13:44 of 3rd period - Oliver Kylington is hit by Blake Geoffrion and loses puck.
14:06 of 3rd period - Off-side.
14:07 of 3rd period - Lucas Wallmark wins face-off versus Axel Holmstrom in neutral zone.
14:18 of 3rd period - Slapshot by Nicolas Deslauriers.
14:18 of 3rd period - Shot Misses the Net.
15:18 of 3rd period - Mattias Backman is hit by Andrej Nestrasil and loses puck.
15:27 of 3rd period - Snap shot by Justin Bailey.
15:27 of 3rd period - Goal by Justin Bailey - Admirals : 3 - Comets : 10.
15:28 of 3rd period - Brendan Gaunce wins face-off versus Scott Laughton in neutral zone.
15:31 of 3rd period - Mark McNeill is hit by Dennis Everberg and loses puck.
15:44 of 3rd period - Snap shot by Scott Laughton.
15:44 of 3rd period - Stopped by Alexandar Georgiev with a rebound.
16:09 of 3rd period - Teemu Pulkkinen is hit by Travis Dermott and loses puck.
16:28 of 3rd period - Slapshot by Oliver Kylington.
16:28 of 3rd period - Shot Misses the Net.
16:30 of 3rd period - Slapshot by Dan Renouf.
16:30 of 3rd period - Shot Misses the Net.
17:30 of 3rd period - Snap shot by Justin Bailey.
17:30 of 3rd period - Stopped by Tristan Jarry with a rebound.
18:20 of 3rd period - Wrist shot by Joel Armia.
18:20 of 3rd period - Stopped by Alexandar Georgiev with a rebound.
19:17 of 3rd period - Joshua Leivo is hit by Blake Geoffrion and loses puck.
Goals for this period are 0 for Admirals vs 4 for Comets.
Shots for this period are 9 for Admirals vs 14 for Comets.